 Dungeon Crawl Stone Soup version 0.18-a0-1481-g708b138 (webtiles) character file.

385 SlimeFever the Firebug (level 6, -1/50 HPs)
             Began as a Naga Fire Elementalist on Mar 2, 2016.
             Was an Initiate of Vehumet.
             Slain by an ogre
             ... wielding a +0 giant club
              (17 damage)
             ... on level 4 of the Dungeon.
             The game lasted 00:24:52 (3000 turns).

SlimeFever the Firebug (Naga Fire Elementalist)     Turns: 3000, Time: 00:24:52

Health: -1/50      AC:  8    Str: 11    XL:     6   Next: 77%
Magic:  8/10       EV: 10    Int: 16    God:    Vehumet [......]
Gold:   146        SH:  0    Dex: 12    Spells: 3 memorised, 5 levels left

rFire  . . .     SeeInvis +     a - +2 dagger (venom)
rCold  . . .     Gourm    .     f - +0 robe
rNeg   . . .     Faith    .     (no shield)
rPois  +         Spirit   .     g - +2 helmet
rElec  .         Dismiss  .     e - +0 cloak
rCorr  +         Reflect  .     k - +0 pair of gloves
SustAt .         Harm     .     (no barding)
MR     .....                    (no amulet)
Stlth  +++.......               (no ring)
                                t - ring of resist corrosion

@: very slow, not resistant to hostile enchantments, fairly stealthy
A: see invisible, deformed body, poison resistance, slowness 2, slow metabolism
1, spit poison 2, AC +2
a: Spit Poison, Renounce Religion


You were on level 4 of the Dungeon.
You worshipped Vehumet.
Vehumet was noncommittal.
You were not hungry.

You visited 2 branches of the dungeon, and saw 5 of its levels.

You collected 146 gold pieces.

Inventory:

Hand Weapons
 a - a +2 dagger of venom (weapon)
 b - a +2 hunting sling of flaming
 m - a +0 short sword
 n - a +0 blowgun
Missiles
 h - 23 arrows of frost
 j - 44 bolts
 l - 3 steel javelins (quivered)
 o - 5 curare-tipped needles
 r - 43 stones
 w - 13 poisoned needles
 y - 11 arrows of flame
Armour
 e - a +0 cloak (worn)
 f - a +0 robe (worn)
 g - a +2 helmet (worn)
 k - a +0 pair of gloves (worn)
Jewellery
 t - a ring of resist corrosion (left hand)
Scrolls
 d - a scroll of identify
 p - 3 scrolls of teleportation
 q - a scroll of remove curse
 s - a scroll of enchant weapon
 x - a scroll of random uselessness {unknown}
 A - a scroll of magic mapping
Potions
 u - a potion of invisibility
 v - a potion of cure mutation
 z - 2 potions of berserk rage
 B - a potion of agility {unknown}
Books
 i - a book of Flames

   Spells                             Type                      Level
   a - Flame Tongue                   Conjuration/Fire             1
   b - Throw Flame                    Conjuration/Fire             2
   c - Conjure Flame                  Conjuration/Fire             3
   d - Inner Flame                    Hexes/Fire                   3
   e - Sticky Flame                   Conjuration/Fire             4
   f - Fireball                       Conjuration/Fire             5
Comestibles
 c - 3 bread rations


   Skills:
 + Level 0.4 Fighting
 * Level 1.7 Short Blades
 + Level 0.3 Slings
 * Level 2.6 Dodging
 * Level 3.6 Stealth
 + Level 3.3 Spellcasting
 + Level 2.5 Conjurations
 * Level 4.9 Fire Magic


You had 5 spell levels left.
You knew the following spells:

 Your Spells              Type           Power        Failure   Level  Hunger
a - Flame Tongue          Conj/Fire      ##...        4%          1    None
b - Throw Flame           Conj/Fire      ##....       8%          2    ##.....
c - Conjure Flame         Conj/Fire      ##......     12%         3    ###....


Dungeon Overview and Level Annotations

Branches:
Dungeon (4/15)             Temple (1/1) D:4

Altars:
Cheibriados
Gozag
Nemelex Xobeh
Vehumet
Xom
Yredelemnul
The Shining One


Innate Abilities, Weirdness & Mutations

You cannot wear boots.
Your serpentine skin is tough (AC +2).
You have supernaturally acute eyesight.
Armour fits poorly on your strangely shaped body.
Your system is resistant to poisons.
You cover ground very slowly.
You have a slow metabolism.
You can spit poison.


Message History

a - a +2 dagger of venom (weapon)
Casting: Flame Tongue
Confirm with . or Enter, or press ? or * to list all spells.
Aiming: Flame Tongue
Press: ? - help, Shift-Dir - straight line, f - ogre
Aim: an ogre, wielding a giant club The flame tongue misses the ogre.
Casting: Flame Tongue
Confirm with . or Enter, or press ? or * to list all spells.
Aiming: Flame Tongue
Press: ? - help, Shift-Dir - straight line, f/p - ogre
Aim: an ogre, wielding a giant club The flame tongue hits the ogre.
The ogre is moderately wounded.
Char dumped successfully.
The ogre hits you with a giant club. The ogre hits you with a giant club!
The ogre hits you with a giant club!! The ogre hits you with a giant club!
You die...

####.# #.# #.# ####.# ########
.....## #.......
#.....#######...#######
'.....'............$...
#†....#########.########
................@O......
.##############...###### .#
..#..... .# ###### #.#....## .#
#....# #.#....# .#
#....#.#......# .#
#....#.#<.....#
.#####....#.#.#.#################
............#.#..................


You could see an ogre.

Vanquished Creatures
  An ogre (D:4)
  2 hounds
  An orc wizard (D:3)
  Crazy Yiuf (D:2)
  Natasha (D:2)
  A worker ant (D:4)
  Robin (D:2)
  A gnoll (D:1)
  4 adders
  2 worms
  3 dart slugs
  2 orcs (D:3)
  2 ball pythons
  3 giant cockroaches
  22 goblins
  7 hobgoblins
  9 bats
  3 giant newts
  2 gnoll zombies (D:3)
  3 kobolds
  7 rats
78 creatures vanquished.

Notes
Turn   | Place    | Note
--------------------------------------------------------------
     0 | D:1      | SlimeFever the Naga Fire Elementalist began the quest for the Orb.
     0 | D:1      | Reached XP level 1. HP: 15/15 MP: 3/3
   308 | D:1      | Reached XP level 2. HP: 20/22 MP: 3/5
   325 | D:1      | Learned a level 2 spell: Throw Flame
   430 | D:1      | Reached XP level 3. HP: 3/28 MP: 0/6
  1155 | D:2      | Noticed Crazy Yiuf
  1180 | D:2      | Killed Crazy Yiuf
  1180 | D:2      | Reached skill level 4 in Fire Magic
  1180 | D:2      | Reached XP level 4. HP: 28/36 MP: 5/7
  1376 | D:2      | Found a shimmering altar of Xom.
  1555 | D:2      | Noticed Natasha
  1562 | D:2      | Killed Natasha
  1882 | D:2      | Noticed Robin
  1908 | D:2      | Reached XP level 5. HP: 42/42 MP: 3/8
  1933 | D:2      | Killed Robin
  1955 | D:2      | Learned a level 3 spell: Conjure Flame
  2135 | D:3      | Found a basalt altar of Yredelemnul.
  2203 | D:3      | Found a faded altar to an unknown god.
  2313 | D:3      | Reached XP level 6. HP: 29/50 MP: 1/10
  2447 | D:3      | Found a sparkling altar of Nemelex Xobeh.
  2609 | D:4      | Reached skill level 1 in Short Blades
  2783 | D:4      | Found a staircase to the Ecumenical Temple.
  2793 | Temple   | Entered the Ecumenical Temple
  2798 | Temple   | Became a worshipper of Vehumet
  3000 | D:4      | Slain by an ogre

Vault maps used:
D:1:      roderic_crop_circles_arrival_small
D:2:      lemuel_doored_altar, serial_glass, glass_columns_c, glass_columns_a,
          glass_columns_c, glass_columns_a, glass_columns_c, glass_columns_a,
          glass_columns_c, glass_columns_a, kennysheep_decorative_pillar,
          kennysheep_cluttered_room, uniq_robin, uniq_crazy_yiuf_cottage,
          uniq_natasha
D:3:      nemelex_xobeh_ov_fountains_minmay, lemuel_zombie_altar_yredelemnul,
          ecumenical_altar_2
D:4:      kennysheep_the_goblin_king, minmay_temple_entry_enclosed_plants,
          kennysheep_orc_chapel
Temple:   triangle_lava_temple_11

Skill      XL: |  1  2  3  4  5  6 |
---------------+-------------------+-----
Fire Magic     | 4 |  4.9
Dodging        | 2 |  2.6
Conjurations   | 2 |  2.5
Spellcasting   | 3 |  3.3
Short Blades   | 1 |  1.7
Fighting       | |  0.4
Slings         | |  0.3
Stealth        | |  3.6

Action                   |  1- 3 |  4- 6 || total
-------------------------+-------+-------++-------
Melee: Unarmed           |    25 |       ||    25
       Dagger            |    16 |    83 ||    99
 Fire: Hunting sling     |       |    13 ||    13
 Cast: Flame Tongue      |    32 |    56 ||    88
       Throw Flame       |     7 |    19 ||    26
 Abil: Spit Poison       |       |     1 ||     1
  Use: Scroll            |     3 |     6 ||     9
       Potion            |     2 |     1 ||     3
  Eat: Bread ration      |     1 |     1 ||     2
       Fruit             |       |     2 ||     2
